 Dungeon Crawl Stone Soup version 0.23.2-30-g0e89c35649 (webtiles) character file.

Game seed: 15231912988969327492

5238 Plasmo the Sneak (level 10, -3/65 HPs)
             Began as an Octopode Wizard on June 20, 2019.
             Was a Priest of Cheibriados.
             Slain by a death scarab (20 damage)
             ... in a Gauntlet on June 22, 2019.
             The game lasted 01:00:19 (10378 turns).

Plasmo the Sneak (Octopode Wizard)                 Turns: 10378, Time: 01:00:20

Health: -3/65      AC:  1    Str: 16    XL:     10   Next: 61%
Magic:  14/17      EV: 19    Int: 33    God:    Cheibriados [***...]
Gold:   517        SH:  6    Dex: 24    Spells: 5/19 levels left

rFire    . . .     SeeInvis .   s - +2 whip (venom)
rCold    . . .     Gourm    .   p - +0 buckler
rNeg     . . .     Faith    .   a - +0 hat
rPois    .         Spirit   .   w - amulet of regeneration
rElec    .         Reflect  .   j - +5 ring of intelligence
rCorr    .         Harm     .   n - +3 ring of dexterity
MR       .....     NoTele   +   r - +4 ring of evasion
Stlth    ++++......             (no ring)
HPRegen  0.60/turn              (no ring)
MPRegen  0.15/turn              (no ring)
                                (no ring)
                                (no ring)

@: slowed, heavily drained, very slow
A: almost no armour, stealthy swim, amphibious, 8 rings, constrict 8, camouflage
1, gelatinous body 1
a: Bend Time, Temporal Distortion, Renounce Religion


You were in a Gauntlet.
You worshipped Cheibriados.
Cheibriados was most pleased with you.
You were not hungry.

You visited 3 branches of the dungeon, and saw 13 of its levels.
You also visited: Gauntlet.

You collected 584 gold pieces.
You spent 67 gold pieces at shops.

Inventory:

Hand Weapons
 d - a +0 hand axe
 s - a +2 whip of venom (weapon)
 J - a +0 blowgun
Missiles
 g - 7 javelins (quivered)
 h - 70 poisoned needles
 l - 8 tomahawks
Armour
 a - a +0 hat (worn)
 p - a +0 buckler (worn)
Jewellery
 j - a +5 ring of intelligence (left tentacle)
 n - a +3 ring of dexterity (right tentacle)
 r - a +4 ring of evasion (on tentacle)
 w - an amulet of regeneration (around mantle)
 z - an uncursed ring of fire
 A - an uncursed amulet of the acrobat {unknown}
 C - a +5 amulet of reflection {unknown}
Wands
 e - a wand of polymorph (9)
 t - a wand of flame (51)
 v - a wand of digging (6)
 x - a wand of iceblast (7)
 G - a wand of paralysis (5)
Scrolls
 k - 8 scrolls of remove curse
 q - 2 scrolls of teleportation
 y - 2 scrolls of blinking
 B - 2 scrolls of identify
 F - 3 scrolls of fog
 H - a scroll of amnesia {unknown}
 I - a scroll of magic mapping
 K - a scroll of enchant armour {unknown}
Potions
 b - 3 potions of brilliance
 f - a potion of agility
 i - 4 potions of lignification
 o - 2 potions of curing
 u - 2 potions of mutation
 E - a potion of flight
 L - a potion of might
 M - 2 potions of magic
Comestibles
 c - 17 rations


   Skills:
 * Level 4.7(3.4) Fighting
 - Level 0.5(1.5) Axes
 * Level 4.3(3.1) Maces & Flails
 + Level 3.2(2.0) Throwing
 * Level 4.8(3.5) Dodging
 + Level 5.8(4.4) Stealth
 * Level 4.0(2.8) Shields
 + Level 2.9(1.7) Unarmed Combat
 * Level 5.0(3.7) Spellcasting
 * Level 4.4(3.1) Conjurations
 + Level 3.2(1.9) Summonings
 - Level 1.0(0.0) Translocations
 * Level 4.0(2.7) Fire Magic
 * Level 4.1(2.8) Air Magic
 * Level 4.9(3.6) Poison Magic
 + Level 2.5(1.3) Invocations
 - Level 1.4(0.2) Evocations


You had 5 spell levels left.
You knew the following spells:

 Your Spells              Type           Power        Failure   Level  Hunger
a - Magic Dart            Conj           ####         1%          1    None
b - Call Imp              Summ           ###.....     4%          2    None
c - Conjure Flame         Conj/Fire      ####....     5%          3    ##.....
d - Mephitic Cloud        Conj/Pois/Air  ####....     4%          3    ##.....
e - Blink                 Tloc           N/A          10%         2    None
f - Regeneration          Chrm/Necr      #.........   19%         3    ##.....

Your spell library contained the following spells:

 Spells                   Type           Power        Failure   Level  Hunger
 Animate Skeleton         Necr           N/A          6%          1    None
 Corona                   Hex            #......      6%          1    None
 Pain                     Necr           #...         6%          1    None
 Sandblast                Erth           #.....       6%          1    None
 Ensorcelled Hibernation  Hex/Ice        #.....       10%         2    None
 Slow                     Hex            #.......     10%         2    None
 Dazzling Spray           Conj/Hex       ###...       10%         3    ##.....
 Confuse                  Hex            #.......     19%         3    ##.....
 Tukima's Dance           Hex            #.......     19%         3    ##.....
 Vampiric Draining        Necr           #.........   19%         3    ##.....
 Animate Dead             Necr           N/A          52%         4    ####...


Dungeon Overview and Level Annotations

Branches:
Dungeon (11/15)            Temple (1/1) D:5            Lair (1/6) D:10
    Orc (0/2) D:10

Altars:
Cheibriados
Elyvilon
Fedhas
Gozag
Hepliaklqana
Makhleb
Nemelex Xobeh
Okawaru
Qazlal
Ru
Sif Muna
Trog
Vehumet
Wu Jian
Xom
Yredelemnul
Zin
The Shining One

Shops:
D:4 [   D:8 (   D:9 [

Annotations:
D:3 Grinder
D:6 3 runed translucent doors, rlgrobin's ghost, novice HOFi Gauntlet 11 transporters


Innate Abilities, Weirdness & Mutations

You cannot wear most types of armour.
You are very stealthy in the water. (Stealth+)
You are amphibious.
You can wear up to eight rings at the same time.
You can use your tentacles to constrict eight enemies at once.
Your skin changes colour to match your surroundings (Stealth+).
Your rubbery body absorbs attacks. (AC +1, EV +1)


Message History

The death scarab barely misses you. The death scarab bites you!!
* * * LOW HITPOINT WARNING * * *
The death scarab draws strength from your injuries!
You feel much better. The death scarab barely misses you.
Cast which spell? (? or * to list)
Aiming: Conjure Flame (safe; 5% risk of failure)
Press: ? - help, Dir - move target cursor The fire ignites!
The death scarab is engulfed in blazing flames.
The death scarab bites you!!
* * * LOW HITPOINT WARNING * * *
The death scarab drains your vigour!
You feel yourself slow down.
The death scarab draws strength from your injuries!
The death scarab is engulfed in blazing flames.
You block the death scarab's attack.
The death scarab is engulfed in blazing flames.
You feel better.
The death scarab is engulfed in blazing flames.
The death scarab bites you!!
You die...

##≈≈≈## ## ### ##≈≈≈≈≈##
### ##
##≈###≈###.......###≈###≈#
#≈≈≈#≈≈≈#..∩.8.∩..#≈≈≈#≈≈≈
#≈.....©.........©.!...≈#
##.#########.#########.##
##≈.#.......#.#x......#.≈#
#≈≈.#.####s.#.#xx#....#.≈≈
##≈.#....@#.#.#.###...#.≈#
##.####©.#.#.#X.#©#..#.##
##≈.#..!#.#.#.#...###.#.≈#
#≈≈.##.%#.#.#.#....#..#.≈≈
##≈.#©#.#...#.#.?$©.x.#.≈#
##.###################.##
##≈....#©.........©#....≈#
#≈≈..8.#.8.8.8.8.8.#.8..≈≈
##≈....#©.........©#....≈#


You could see a large abomination, a death scarab and 3 small abominations.

Vanquished Creatures
  2 two-headed ogres
  Psyche (D:9)
  A troll (D:10)
  A spectral black mamba (Gauntlet)
  A vampire (D:11)
  Eustachio (D:5)
  A hungry ghost (D:10)
  A porcupine (Lair:1)
  A sky beast (D:9)
  3 orc warriors
  3 phantoms
  An ice beast (D:10)
  3 centaurs
  2 big kobolds
  4 scorpions
  4 wights (D:10)
  5 howler monkeys
  A crimson imp (D:9)
  2 hounds
  4 jellies
  3 orc priests
  9 orc wizards
  2 centaur skeletons
  2 iguanas
  10 worker ants
  2 hound zombies
  2 howler monkey skeletons
  8 adders
  A shadow imp (D:5)
  2 oozes
  3 adder skeletons
  3 worms
  4 dart slugs
  4 leopard geckos
  29 orcs
  5 bats
  7 giant cockroaches
  12 goblins
  7 hobgoblins
  5 jackals (D:2)
  8 quokkas
  5 frilled lizards
  9 kobolds
  7 rats
191 creatures vanquished.

Vanquished Creatures (collateral kills)
  An orc priest (D:7)
  An orc (D:7)
2 creatures vanquished.

Vanquished Creatures (others)
  A plant (Lair:1)
  5 toadstools (D:1)
6 creatures vanquished.

Grand Total: 199 creatures vanquished

Notes
Turn   | Place    | Note
-------+----------+-------------------------------------------
     0 | D:1      | Plasmo the Octopode Wizard began the quest for the Orb.
     0 | D:1      | Reached XP level 1. HP: 11/11 MP: 4/4
   132 | D:1      | Reached XP level 2. HP: 4/17 MP: 6/6
   384 | D:1      | Learned a level 2 spell: Call Imp
  1158 | D:1      | Reached XP level 3. HP: 20/22 MP: 7/7
  1167 | D:1      | Learned a level 3 spell: Conjure Flame
  1240 | D:1      | Reached skill level 1 in Fighting
  2008 | D:2      | Found a bloodstained altar of Trog.
  2067 | D:2      | Reached XP level 4. HP: 20/28 MP: 8/8
  2385 | D:2      | Found an ornate altar of the Wu Jian Council.
  2465 | D:2      | Found a basalt altar of Yredelemnul.
  2503 | D:2      | Reached skill level 1 in Throwing
  2666 | D:3      | Learned a level 3 spell: Mephitic Cloud
  2969 | D:3      | Noticed Grinder
  3433 | D:4      | Reached XP level 5. HP: 19/33 MP: 9/9
  3645 | D:4      | Found Xehigid's Antique Armour Emporium.
  3653 | D:4      | Reached skill level 1 in Fire Magic
  3671 | D:4      | Bought a buckler for 67 gold pieces
  4167 | D:4      | Reached skill level 1 in Air Magic
  4185 | D:4      | Reached skill level 1 in Maces & Flails
  4185 | D:4      | Reached skill level 1 in Unarmed Combat
  4185 | D:4      | Reached XP level 6. HP: 38/39 MP: 10/10
  4219 | D:4      | Reached skill level 1 in Poison Magic
  4233 | D:4      | Found a sacrificial altar of Ru.
  4589 | D:5      | Entered Level 5 of the Dungeon
  4706 | D:5      | Found a staircase to the Ecumenical Temple.
  4717 | D:5      | Noticed Eustachio
  4963 | D:5      | Noticed a phantom
  5061 | D:5      | Killed a phantom
  5322 | D:5      | Reached XP level 7. HP: 38/45 MP: 12/12
  5326 | D:5      | Reached skill level 1 in Shields
  5566 | D:5      | Killed Eustachio
  5566 | D:5      | Reached skill level 1 in Evocations
  5939 | Temple   | Entered the Ecumenical Temple
  5977 | Temple   | Became a worshipper of Cheibriados the Contemplative
  6012 | D:5      | Reached XP level 8. HP: 32/51 MP: 6/13
  6312 | D:5      | Found a white marble altar of Elyvilon.
  6398 | D:5      | Found a deep blue altar of Sif Muna.
  6411 | D:5      | Identified Sif Muna's Volume of the Rocks
  6426 | D:5      | Learned a level 2 spell: Blink
  6809 | D:6      | Found a runed translucent gate.
  6809 | D:6      | Found a runed translucent gate.
  6809 | D:6      | Found an opulent altar of Gozag.
  6810 | D:6      | Found a runed translucent gate.
  6812 | D:6      | Noticed a cyclops
  6814 | D:6      | Noticed rlgrobin's ghost (novice HOFi)
  7101 | D:6      | Reached * piety under Cheibriados
  7277 | D:6      | Found a shimmering altar of Xom.
  7516 | D:7      | Found a glowing golden altar of the Shining One.
  8214 | D:8      | Learned a level 3 spell: Regeneration
  8234 | D:8      | Found Dijy's Weapon Boutique.
  8463 | D:8      | Noticed a two-headed ogre
  8472 | D:8      | Killed a two-headed ogre
  8472 | D:8      | Reached skill level 1 in Invocations
  8472 | D:8      | Reached XP level 9. HP: 22/58 MP: 9/15
  8593 | D:8      | Reached ** piety under Cheibriados
  8822 | D:9      | Reached skill level 5 in Stealth
  8903 | D:9      | Noticed a two-headed ogre
  8913 | D:9      | Killed a two-headed ogre
  8990 | D:9      | Noticed Psyche
  9011 | D:9      | Killed Psyche
  9011 | D:9      | Reached XP level 10. HP: 41/65 MP: 9/17
  9102 | D:9      | Found Moprasche's Antique Armour Boutique.
  9306 | D:10     | Entered Level 10 of the Dungeon
  9310 | D:10     | Found a snail-covered altar of Cheibriados.
  9311 | D:10     | You fall through a shaft!
  9397 | D:11     | Found a stormy altar of Qazlal.
  9506 | D:10     | Reached *** piety under Cheibriados
  9925 | D:10     | Found a staircase to the Lair.
  9938 | D:10     | Reached skill level 5 in Spellcasting
 10099 | D:10     | Found a staircase to the Orcish Mines.
 10143 | Lair:1   | Entered Level 1 of the Lair of Beasts
 10221 | Lair:1   | Found a gate leading to a gauntlet.
 10230 | Gauntlet | Entered a Gauntlet
 10230 | Gauntlet | Found a transporter.
 10230 | Gauntlet | Found a transporter.
 10230 | Gauntlet | Noticed a death scarab
 10230 | Gauntlet | Noticed a large abomination
 10238 | Gauntlet | Found a transporter.
 10242 | Gauntlet | Found a transporter.
 10249 | Gauntlet | Noticed a death scarab
 10251 | Gauntlet | Found a transporter.
 10254 | Gauntlet | Found a transporter.
 10256 | Gauntlet | Noticed a death yak
 10257 | Gauntlet | Noticed a death yak
 10257 | Gauntlet | Noticed a death yak
 10258 | Gauntlet | Noticed a necromancer
 10262 | Gauntlet | Found a transporter.
 10278 | Gauntlet | Found a transporter.
 10280 | Gauntlet | Noticed a thrashing horror
 10282 | Gauntlet | Found a transporter.
 10302 | Gauntlet | Found a transporter.
 10310 | Gauntlet | Found a transporter.
 10314 | Gauntlet | Found a transporter.
 10378 | Gauntlet | Slain by a death scarab

Skill      XL: |  1  2  3  4  5  6  7  8  9 10 |
---------------+-------------------------------+-----
Fighting       | 1 2 3 4 |  4.7
Conjurations   | 2 3 4 |  4.4
Throwing       | 1 2 3 |  3.2
Stealth        | 3 4 5 |  5.8
Fire Magic     | 1 2 3 4 |  4.0
Air Magic      | 1 2 3 4 |  4.1
Maces & Flails | 1 2 3 4 |  4.3
Unarmed Combat | 1 2 |  2.9
Poison Magic   | 1 2 3 4 |  4.9
Dodging        | 3 4 |  4.8
Shields        | 1 2 3 4 |  4.0
Evocations     | 1 |  1.4
Summonings     | 2 3 |  3.2
Spellcasting   | 4 5 |  5.0
Invocations    | 1 2 |  2.5
Axes           | |  0.5
Translocations | |  1.0

Action                   |  1- 3 |  4- 6 |  7- 9 | 10-12 || total
-------------------------+-------+-------+-------+-------++-------
Melee: Unarmed           |    10 |       |       |       ||    10
       Hand axe          |   101 |    34 |       |       ||   135
       Constrict         |    29 |    30 |    45 |    17 ||   121
       Tentacles         |     9 |    22 |    47 |    33 ||   111
       Whip              |       |   120 |   173 |   118 ||   411
       Punch             |       |       |     6 |     8 ||    14
Throw: Javelin           |     1 |    32 |    17 |    17 ||    67
       Tomahawk          |       |       |       |     9 ||     9
 Cast: Call Imp          |       |     6 |     6 |    13 ||    25
       Conjure Flame     |       |     3 |    12 |     6 ||    21
       Mephitic Cloud    |       |     2 |    16 |     5 ||    23
Evoke: Wand              |       |       |       |     4 ||     4
  Use: Scroll            |     3 |     4 |     3 |     5 ||    15
       Potion            |       |     1 |       |     4 ||     5
 Stab: Sleeping          |     8 |     9 |    11 |     6 ||    34
       Confused          |       |       |     5 |     4 ||     9
       Paralysed         |       |       |       |     4 ||     4
  Eat: Chunk             |     4 |     6 |     5 |       ||    15
       Ration            |       |     2 |     1 |     2 ||     5
Armor: Skin              |    10 |     8 |     1 |     3 ||    22
Dodge: Dodged            |    57 |    92 |    72 |    55 ||   276
Block: Buckler           |       |     6 |    21 |    13 ||    40
